 Dungeon Crawl Stone Soup version 0.27.1-1-g398f81649c (webtiles) character file.

Game seed: 14341447500015834971

7 VictoriousLee the Covered (level 2, -1/24 HPs)
             Began as a Barachi Fighter on Sept 9, 2021.
             Slain by a gnoll (7 damage)
             ... on level 1 of the Dungeon.
             The game lasted 00:01:04 (271 turns).

VictoriousLee the Covered (Barachi Fighter)          Turns: 271, Time: 00:01:05

Health: -1/24      AC:  6    Str: 17    XL:     2   Next: 4%
Magic:  2/2        EV:  7    Int:  8    God:
Gold:   18         SH:  9    Dex: 11    Spells: 1/1 levels left

rFire    . . .     SeeInvis .   a - +0 long sword
rCold    . . .     Faith    .   c - +0 kite shield
rNeg     . . .     Spirit   .   b - +0 scale mail
rPois    .         Reflect  .   (no helmet)
rElec    .         Harm     .   (no cloak)
rCorr    .         Rampage  .   (no gloves)
Will     .....                  (no boots)
Stlth    ..........             (no amulet)
HPRegen  0.08/turn              (no ring)
MPRegen  0.08/turn              (no ring)

@: slow
A: amphibious, slowness 1, strong legs 1, +LOS
a: Hop


You were on level 1 of the Dungeon.
You visited 1 branch of the dungeon, and saw 1 of its levels.

You collected 18 gold pieces.

Inventory:

Hand Weapons
 a - a +0 long sword (weapon)
Armour
 b - a +0 scale mail (worn)
 c - a +0 kite shield (worn)
Potions
 d - a potion of might


   Skills:
 - Level 3.6 Fighting
 + Level 3.3 Long Blades
 - Level 3.6 Armour
 - Level 3.2 Shields


You had one spell level left.
You didn't know any spells.
Your spell library contained the following spells:

 Spells                   Type           Power      Damage    Failure   Level
 Ignite Poison            Fire/Tmut/Pois 0%         N/A       100%        3
 Mephitic Cloud           Conj/Pois/Air  0%         N/A       100%        3
 Bolt of Magma            Conj/Fire/Erth 0%         4d4       100%        5


Dungeon Overview and Level Annotations

Branches:
Dungeon (1/15)

Altars:


Innate Abilities, Weirdness & Mutations

You are amphibious.
You cover ground slowly.
You can hop short distances.
You have an extended range of vision and can be seen from far away.


Message History

A rat comes into view.
A bat comes into view.
You block the rat's attack.
You hit the rat.
You kill the rat!
You block the bat's attack.
Your Long Blades skill increases to level 3!
You slash the hobgoblin!
You kill the hobgoblin!
The bat barely misses you.
You riposte.
You hit the bat.
The bat is moderately wounded.
The bat closely misses you. The bat hits you but does no damage.
You see here a rat corpse.
The bat hits you but does no damage. The bat hits you.
You closely miss the bat.
The bat is moderately wounded.
You block the bat's attack. x2
You barely miss the bat. The bat hits you. You block the bat's attack.
You block the bat's attack. You block the bat's attack.
You block the bat's attack. The bat barely misses you.
The bat hits you but does no damage. The bat hits you.
You hit the bat.
You kill the bat!
You have reached level 2!
You see here a bat corpse.
Found 2 purple potions.
A gnoll comes into view. It is wielding a +0 flail.
The gnoll shouts!
You closely miss the gnoll. The gnoll hits you with a +0 flail.
You slash the gnoll!
The gnoll is severely wounded.
The gnoll hits you with a +0 flail! The gnoll hits you with a +0 flail.
* * * LOW HITPOINT WARNING * * *
You hit the gnoll.
The gnoll is almost dead.
The gnoll hits you with a +0 flail!
You die...

##.#.##......
#...# ##.## #.###
#.# #.# #.#
######.#
.##########......#
.......!.g@.####.#
...########## #...
#.### #.# ..# ###


You could see a gnoll.

Vanquished Creatures
  2 hobgoblins (D:1)
  A quokka (D:1)
  A ball python (D:1)
  2 bats (D:1)
  A rat (D:1)
7 creatures vanquished.

Notes
Turn   | Place    | Note
-------+----------+-------------------------------------------
     0 | D:1      | VictoriousLee the Barachi Fighter began the quest for the
                  | Orb.
     0 | D:1      | Reached XP level 1. HP: 18/18 MP: 1/1
   203 | D:1      | Reached XP level 2. HP: 20/24 MP: 2/2
   271 | D:1      | Slain by a gnoll

Illustrated notes

Levels and vault maps discovered:
D:1:      dpeg_arrival_yet_another_circle, layout_loops_ring,
          minmay_misc_feat_square

Skill      XL: |  1 |
---------------+----+-----
Long Blades    | 3 |  3.3
Fighting       | |  3.6
Armour         | |  3.6
Shields        | |  3.2

Action                   || total
-------------------------++-------
Melee: Long sword        ||    18
Armor: Scale mail        ||    10
Dodge: Dodged            ||     9
Block: Kite shield       ||    20
       Rpst.: Long sword ||     4
